Unix NetHack Version 3.7.0-94 Work-in-progress - last build Dec 18 2023 00:11:04 (7e3deff068b9ef4f2ebb9a71ea0f5c4a3b578a14,branch:master). Game began 2023-12-19 15:41:26, ended 2023-12-19 18:46:29. Ashpool, lawful female dwarven Valkyrie --------------- ..<...........| ---------------- ---------------- |.............| |..>...........| ########-.(............| |..........*..| |..............| # |..............| +.............| |..............| ## #................### --|------------ |..............| ####### ###----------------# # -|-------------- ##0.".----- ##### ##### # #### ##0.......-### # # ######### ####..@i....# ## ### # # #### |_*....|# ## # ---.--- ### |......|# # # |......## -------- ### # |.....| # # |.....+ #----.----------- |.....| #-..............| ------- |..............| |..........>...| ---------------- Ashpool the Skirmisher St:15 Dx:16 Co:19 In:9 Wi:7 Ch:8 Lawful Dlvl:3 $:0 HP:0(63) Pw:5(5) AC:10 Xp:5/233 T:3094 Latest messages: You drop an uncursed egg. You drop a cursed scroll labeled ETAOIN SHRDLU. You drop an uncursed scroll labeled JUYED AWK YACC. You drop an uncursed scroll labeled KIRJE. You drop 2 uncursed scrolls of identify. You drop a cursed scroll of identify. You drop an uncursed scroll of teleportation. You drop an uncursed checkered spellbook. You drop an uncursed light blue spellbook. You drop an uncursed white spellbook. You drop an uncursed clear potion. You drop an uncursed cloudy potion. You drop an uncursed puce potion. You drop an uncursed bronze ring. You drop an uncursed opal ring. You drop an uncursed oak wand. You drop an uncursed wand of create monster. You drop a cursed key. You drop an uncursed oil lamp. You stagger under your load. Movement is still very hard. You drop an oil lamp. Your movements are only slowed slightly by your load. You drop 2 uncursed red gems. What do you want to sacrifice? [Q or ?*] Your sacrifice is consumed in a flash of light! You have a feeling of inadequacy. Your movements are now unencumbered. You stop waiting. The manes hits! The manes hits again! The manes bites! The manes hits! The manes hits again! The manes bites! The manes hits! The manes hits again! You return to dwarven form! The manes bites! The manes hits! The manes hits again! The manes bites! The manes hits! The manes hits again! The manes bites! The manes hits! The manes hits again! The manes bites! The manes hits! You die... Do you want to see your attributes? [ynq] (y) Inventory: Not carrying anything. Ashpool the Valkyrie's attributes: Background: You were a Skirmisher, a level 5 dwarven Valkyrie. You were lawful, on a mission for Tyr who was opposed by Odin (neutral) and Loki (chaotic). You were right-handed. You were in the Dungeons of Doom, on level 3. You entered the dungeon 3094 turns ago. You had 233 experience points, 87 more were needed to attain level 6. Basics: You had 0 out of 63 hit points. You had all 5 energy points (spell power). Your armor class was 10. Your wallet was empty. Autopickup was on for '$"?!=/' plus thrown, with exceptions. Final Characteristics: Your strength was 15 (limit:18/100). Your dexterity was 16 (limit:20). Your constitution was 19 (limit:20). Your intelligence was 9 (limit:16). Your wisdom was 7 (peak:8, limit:16). Your charisma was 8 (limit:16). Final Status: You weren't hungry. You were unencumbered. You were bare handed. You were unskilled in bare handed combat. You weren't wearing any armor. Final Attributes: You were piously aligned. You were cold resistant. You were level-drain resistant. You had infravision. You were stealthy. You were a wererat. You were harmed by silver. You were unlucky. Tyr was angry with you. You are dead. Miscellaneous: You never encountered a bones level. Total elapsed playing time was 32 minutes and 43 seconds. Major events: Turn 1: Ashpool the lawful dwarven Valkyrie entered the dungeon 1035: entered the Gnomish Mines 1120: attained the rank of Skirmisher (level 3) 2579: endured an absurd aquatic ceremony, and now wields Excalibur 3094: killed by a manes Vanquished creatures: a small mimic a rock piercer a rock mole 3 giant ants a little dog 2 homunculi 2 rothes a giant bat an orc zombie 2 dwarf zombies a wererat 2 acid blobs a coyote 8 manes a large kobold 4 cave spiders a gnome 2 gnome zombies 3 geckos 6 jackals 2 foxes a kobold a goblin 5 grid bugs 5 lichens 6 kobold zombies 5 newts 69 creatures vanquished. No species were genocided or became extinct. Voluntary challenges: You read items or engraved 13 times. You engraved Elbereth 4 times. You never genocided any monsters. You never polymorphed an object. You used no wishes. Achievements: You entered the Gnomish Mines. You attained the rank of Skirmisher. You entered a shop. The Dungeons of Doom: levels 1 to 6 Level 1: An altar to Tyr, some fountains. Level 2: A fountain, a grave. Level 3: <- You were here. An altar to Tyr. Stairs down to The Gnomish Mines. Final resting place for you, killed by a manes. Level 4: Level 5: A weapon shop. Level 6: The Gnomish Mines: levels 4 to 5 Level 4: Level 5: Game over: ---------- / \ / REST \ / IN \ / PEACE \ / \ | Ashpool | | 0 Au | | killed by a | | manes | | | | | | 2023 | *| * * * | * _________)/\\_//(\/(/\)/\//\/|_)_______ Farvel Ashpool the Valkyrie... You died in The Dungeons of Doom on dungeon level 3 with 1212 points, and 0 pieces of gold, after 3094 moves. You were level 5 with a maximum of 63 hit points when you died.